 Dungeon Crawl Stone Soup version 0.28-a0-595-g9f6c0e134a (webtiles) character file.

Game seed: 10441952459194038514

2 willcat the Sneak (level 1, 0/18 HPs)
             Began as a Human Delver on Oct 4, 2021.
             Slain by an orc wizard (4 damage)
             ... on level 5 of the Dungeon.
             The game lasted 00:00:24 (153 turns).

willcat the Sneak (Human Delver)                     Turns: 153, Time: 00:00:25

Health: 0/18       AC:  3    Str: 12    XL:     1   Next: 33%
Magic:  1/1        EV: 12    Int: 10    God:
Gold:   10         SH:  0    Dex: 14    Spells: 0/0 levels left

rFire   . . .      SeeInvis .   a - +0 short sword
rCold   . . .      Faith    .   (no shield)
rNeg    . . .      Spirit   .   b - +0 leather armour
rPois   .          Reflect  .   (no helmet)
rElec   .          Harm     .   (no cloak)
rCorr   .          Rampage  .   (no gloves)
Will    .....                   (no boots)
Stlth   +.........              (no amulet)
HPRegen 0.06/turn               (no ring)
MPRegen 0.07/turn               (no ring)

@: confused
A: no striking features
a: no special abilities


You were on level 5 of the Dungeon.
You visited 1 branch of the dungeon, and saw 1 of its levels.

You collected 10 gold pieces.

Inventory:

Hand Weapons
 a - a +0 short sword (weapon)
Armour
 b - a +0 leather armour (worn)
Wands
 g - a wand of digging (3)
Scrolls
 c - a scroll of fog
 d - a scroll of magic mapping
 e - a scroll of fear
Potions
 f - a potion of haste


   Skills:
 - Level 3.0 Fighting
 + Level 2.0 Short Blades
 + Level 2.0 Dodging
 + Level 5.0 Stealth


You couldn't memorise any spells.
You didn't know any spells.
Your spell library was empty.

Dungeon Overview and Level Annotations

Branches:
Dungeon (5/15)
 Temple: D:4-7

Altars:

Annotations:
D:5 3 runed translucent doors, AttackTheMoon's ghost, weakling OpDe


Message History

The orc wizard casts a spell at you.
You are confused.
The orc wizard barely misses you.
You bump into the rock wall.
The orc wizard hits you with a +0 dagger.
You bump into the rock wall.
The orc wizard hits you with a +0 dagger.
You bump into the rock wall.
The orc wizard hits you with a +0 dagger.
You bump into the rock wall.
The orc wizard hits you but does no damage.
You bump into the rock wall.
You feel less confused.
The orc wizard points at you and mumbles some strange words.
You are confused.
Unknown command.
You're too confused to move!
The orc wizard barely misses you.
You bump into the rock wall.
The orc wizard barely misses you. The orc wizard casts a spell at you.
You are more confused.
The orc wizard hits you with a +0 dagger.
* * * LOW HITPOINT WARNING * * *
You're too confused to move!
The orc wizard casts a spell at you.
You are more confused.
You barely miss the orc wizard. The orc wizard barely misses you.
The orc wizard misses you.
The orc wizard hits you but does no damage.
You're too confused to move!
The orc wizard hits you with a +0 dagger.
* * * LOW HITPOINT WARNING * * *
The orc wizard points at you and mumbles some strange words.
The puff of flame misses you.
The orc wizard hits you but does no damage.
The orc wizard casts a spell at you. You resist with significant effort.
You hit the orc wizard.
The orc wizard is moderately wounded.
The orc wizard hits you with a +0 dagger.
You die...

#....# #....##
#.....# ##.[.##
#...# #...##
#....###########
##......)......#####
##>@..###..........
##..o## ###...#####
####...## ###.###
##.....######....#
..
#....#####.......##
.### ##..###
#....#....##.#..
#..##
#..######..#.#..
#..# #o## #..#.#..
#..# #..# #..#.#.#


You could see an orc wizard.

Vanquished Creatures
  An orc (D:5)
1 creature vanquished.

Notes
Turn   | Place    | Note
-------+----------+-------------------------------------------
     0 | D:5      | willcat the Human Delver began the quest for the Orb.
     0 | D:5      | Reached XP level 1. HP: 18/18 MP: 1/1
    66 | D:5      | Noticed AttackTheMoon's ghost (weakling OpDe)
    69 | D:5      | Noticed an orc wizard
    70 | D:5      | Found a runed translucent gate.
    70 | D:5      | Found a runed translucent gate.
    70 | D:5      | Found a runed translucent gate.
    70 | D:5      | Noticed a water moccasin zombie
    70 | D:5      | Noticed a sky beast
   153 | D:5      | Slain by an orc wizard

Illustrated notes

Levels and vault maps discovered:
D:5:      layout_layer_cave, gammafunk_ghost_split,
          minmay_a_box_with_orc_wizards_in_it, uniq_ijyb, uniq_prince_ribbit1,
          uniq_sigmund

Action                   || total
-------------------------++-------
Melee: Short sword       ||     5
Armor: Leather armour    ||     3
Dodge: Dodged            ||     6

Table legend: (Time is in decaauts)
 A = Elapsed time spent in this place.
 B = Non-inter-level travel time spent in this place.
 C = Inter-level travel time spent in this place.
 D = Time resting spent in this place.
 E = Time spent auto-exploring this place.
 F = Levels seen in this place.
 G = Mean time per level.
                   A        B        C        D        E       F      G
               +--------+--------+--------+--------+--------+-----+--------+
         Total |    153 |    153 |      0 |     25 |     67 |   1 |  153.0 |
       Dungeon |    153 |    153 |      0 |     25 |     67 |   1 |  153.0 |
               +--------+--------+--------+--------+--------+-----+--------+

Top non-repeatable levels by time:
     D:5: 153 daAuts
